General information
- name: BNet
- type: Ladder team game (AT/RT)
- host: Battle.net
- saver: CaptainAmerica5
map: FullScaleAssault
- players: 8
- length: 60:03
- speed: Fast
- version: 1.27 W3XP
- replay type: Public
» download(351 KB)
Players
team 1 (winner)
WorstAllyEver (
orange | 69 APM | 1537 actions | 22:11)
5 Demon Hunter
3 Mana Burn
2 Evasion
4 Keeper of the Grove
2 Entangling Roots
2 Thorns Aura
» actions
| Assign group hotkey | 61 | |
| Basic commands | 70 | |
| Build / train | 98 | |
| ESC pressed | 3 | |
| Enter build submenu | 24 | |
| Enter hero's abilities submenu | 9 | |
| Give item / drop item | 7 | |
| Right click | 646 | |
| Select / deselect | 276 | |
| Select group hotkey | 251 | |
| Use ability | 92 | |
1537 total
» units
| Wisp | 29 | |
| Archer | 6 | |
| Dryad | 11 | |
| Hippogryph | 9 | |
| Druid of the Claw | 4 | |
| Faerie Dragon | 7 | |
66 total
» upgrades
| Abolish Magic | 1 | |
| Druid of the Claw Training | 2 | |
| Strength of the Wild | 3 | |
| Mark of the Claw | 1 | |
| Reinforced Hides | 1 | |
8 total
» buildings
| Altar of Elders | 1 | |
| Moon Well | 8 | |
| Ancient of War | 1 | |
| Hunter's Hall | 1 | |
| Tree of Ages | 1 | |
| Ancient of Wonders | 1 | |
| Tree of Life | 2 | |
| Ancient Protector | 5 | |
| Ancient of Lore | 2 | |
| Tree of Eternity | 1 | |
| Ancient of Wind | 1 | |
24 total
» build order
00:12 Altar of Elders
00:26 Moon Well
01:04 Ancient of War
01:42 Moon Well
02:00 Moon Well
03:28 Hunter's Hall
03:50 Tree of Ages
04:11 Ancient of Wonders
05:14 Tree of Life
05:29 Tree of Life
05:41 Ancient Protector
05:44 Ancient Protector
05:47 Ancient Protector
06:04 Moon Well
07:35 Ancient of Lore
07:49 Ancient of Lore
09:20 Tree of Eternity
09:45 Ancient of Wind
11:04 Ancient Protector
11:21 Moon Well
12:35 Moon Well
13:04 Moon Well
16:35 Ancient Protector
19:09 Moon Well
» items
| Boots of Speed | 1 | |
| Potion of Lesser Invulnerability | 2 | |
| Scroll of Protection | 1 | |
| Scroll of Healing | 2 | |
| Scroll of Town Portal | 2 | |
| Orb of Venom | 1 | |
| Anti-magic Potion | 1 | |
| Potion of Healing | 1 | |
11 total

»
matterickson (
red | 50 APM | 1092 actions | 21:44)
2 Archmage
1 Blizzard
1 Brilliance Aura
1 Mountain King
1 Storm Bolt
» actions
| Assign group hotkey | 22 | |
| Basic commands | 5 | |
| Build / train | 48 | |
| Enter build submenu | 22 | |
| Enter hero's abilities submenu | 4 | |
| Give item / drop item | 1 | |
| Right click | 474 | |
| Select / deselect | 271 | |
| Select group hotkey | 191 | |
| Use ability | 54 | |
1092 total
» units
| Peasant | 10 | |
| Footman | 7 | |
| Goblin Shredder | 1 | |
| Goblin Zeppelin | 1 | |
| Siege Engine | 10 | |
29 total
» upgrades
| Plating | 2 | |
| Gunpowder | 1 | |
| Barrage | 1 | |
4 total
» buildings
| Altar of Kings | 1 | |
| Farm | 12 | |
| Barracks | 1 | |
| Keep | 1 | |
| Scout Tower | 5 | |
| Town Hall | 2 | |
| Arcane Tower | 1 | |
| Lumber Mill | 1 | |
| Castle | 1 | |
| Arcane Vault | 1 | |
| Guard Tower | 1 | |
| Blacksmith | 1 | |
| Workshop | 3 | |
31 total
» build order
00:12 Altar of Kings
00:25 Farm
00:56 Barracks
01:49 Farm
02:12 Farm
02:51 Keep
05:21 Farm
05:23 Farm
05:24 Farm
06:03 Scout Tower
06:07 Scout Tower
06:15 Town Hall
06:22 Scout Tower
06:39 Arcane Tower
07:24 Lumber Mill
08:01 Castle
08:09 Arcane Vault
08:47 Guard Tower
09:17 Blacksmith
11:29 Workshop
11:35 Workshop
11:39 Workshop
15:04 Town Hall
15:08 Scout Tower
15:11 Scout Tower
15:37 Farm
15:37 Farm
15:38 Farm
15:41 Farm
15:41 Farm
15:42 Farm
» items
| Scroll of Regeneration | 2 | |
| Potion of Mana | 1 | |
| Boots of Speed | 1 | |
| Scroll of Town Portal | 1 | |
| Staff of Teleportation | 1 | |
6 total
CaptainAmerica5 (
teal | 96 APM | 5764 actions | 60:03)
10 Warden
3 Fan of Knives
3 Shadow Strike
3 Blink
1 Spirit of Vengeance
» actions
| Assign group hotkey | 115 | |
| Basic commands | 120 | |
| Build / train | 179 | |
| ESC pressed | 2 | |
| Enter build submenu | 71 | |
| Enter hero's abilities submenu | 10 | |
| Give item / drop item | 6 | |
| Remove unit from queue | 1 | |
| Right click | 2825 | |
| Select / deselect | 495 | |
| Select group hotkey | 1259 | |
| Use ability | 681 | |
5764 total
» units
| Wisp | 56 | |
| Archer | 21 | |
| Goblin Shredder | 4 | |
| Goblin Zeppelin | 7 | |
| Chimaera | 6 | |
| Hippogryph | 8 | |
| Goblin Sapper | 2 | |
104 total
» upgrades
| Strength of the Moon | 3 | |
| Improved Bows | 1 | |
| Moon Armor | 3 | |
| Nature's Blessing | 1 | |
| Marksmanship | 1 | |
| Well Spring | 1 | |
| Strength of the Wild | 3 | |
| Reinforced Hides | 3 | |
| Masonry | 2 | |
| Corrosive Breath | 1 | |
| Ultravision | 1 | |
20 total
» buildings
| Moon Well | 17 | |
| Altar of Elders | 1 | |
| Ancient of War | 5 | |
| Ancient of Wonders | 1 | |
| Tree of Life | 5 | |
| Tree of Ages | 2 | |
| Hunter's Hall | 1 | |
| Ancient Protector | 21 | |
| Tree of Eternity | 2 | |
| Ancient of Wind | 2 | |
| Chimaera Roost | 5 | |
| Scout Tower | 17 | |
| Guard Tower | 21 | |
100 total
» build order
00:09 Moon Well
00:11 Altar of Elders
00:35 Ancient of War
01:31 Moon Well
02:00 Moon Well
02:07 Ancient of Wonders
02:45 Moon Well
03:44 Moon Well
04:33 Tree of Life
05:00 Tree of Ages
05:00 Tree of Ages
06:00 Hunter's Hall
07:03 Ancient Protector
07:04 Ancient Protector
07:05 Ancient Protector
07:24 Tree of Eternity
07:25 Tree of Eternity
08:16 Moon Well
08:18 Moon Well
09:34 Ancient Protector
09:35 Ancient Protector
09:38 Ancient Protector
10:31 Ancient of War
10:32 Ancient of War
10:40 Ancient of War
10:42 Ancient of War
11:22 Moon Well
12:26 Moon Well
12:27 Moon Well
12:29 Moon Well
13:02 Tree of Life
14:01 Ancient Protector
14:03 Ancient Protector
14:05 Ancient Protector
14:48 Ancient Protector
14:50 Ancient Protector
14:51 Ancient Protector
17:26 Tree of Life
18:16 Moon Well
18:17 Moon Well
18:18 Moon Well
18:19 Moon Well
18:20 Moon Well
19:41 Ancient Protector
19:55 Ancient Protector
19:57 Ancient Protector
20:00 Ancient Protector
20:07 Ancient Protector
20:08 Ancient Protector
20:22 Ancient of Wind
20:23 Ancient of Wind
22:10 Ancient Protector
22:11 Ancient Protector
22:12 Ancient Protector
22:22 Chimaera Roost
22:23 Chimaera Roost
22:24 Chimaera Roost
22:25 Chimaera Roost
22:27 Chimaera Roost
28:07 Tree of Life
40:57 Scout Tower
40:57 Scout Tower
40:58 Scout Tower
40:59 Scout Tower
41:00 Scout Tower
41:01 Scout Tower
41:02 Scout Tower
41:03 Scout Tower
41:04 Scout Tower
41:05 Scout Tower
41:05 Scout Tower
41:06 Scout Tower
41:08 Scout Tower
41:09 Scout Tower
41:11 Scout Tower
41:12 Scout Tower
41:13 Scout Tower
41:50 Guard Tower
41:51 Guard Tower
41:51 Guard Tower
41:51 Guard Tower
42:17 Guard Tower
42:17 Guard Tower
42:45 Guard Tower
42:45 Guard Tower
42:45 Guard Tower
42:45 Guard Tower
43:24 Guard Tower
44:00 Guard Tower
44:00 Guard Tower
44:00 Guard Tower
44:16 Moon Well
48:03 Tree of Life
» items
| Boots of Speed | 1 | |
| Scroll of Town Portal | 1 | |
| Orb of Venom | 2 | |
4 total
CHRONIICtOKE (
purple | 53 APM | 1168 actions | 21:52)
4 Archmage
2 Summon Water Elemental
2 Brilliance Aura
» actions
| Basic commands | 4 | |
| Build / train | 98 | |
| Enter build submenu | 35 | |
| Enter hero's abilities submenu | 4 | |
| Right click | 649 | |
| Select / deselect | 291 | |
| Use ability | 87 | |
1168 total
» units
| Peasant | 25 | |
| Goblin Zeppelin | 1 | |
| Mortar Team | 26 | |
52 total
» upgrades
| Lumber Harvesting | 1 | |
| Masonry | 2 | |
| Gunpowder | 3 | |
| Fragmentation Shards | 1 | |
| Plating | 1 | |
8 total
» buildings
| Keep | 1 | |
| Altar of Kings | 1 | |
| Farm | 9 | |
| Scout Tower | 17 | |
| Lumber Mill | 2 | |
| Arcane Tower | 1 | |
| Guard Tower | 23 | |
| Arcane Vault | 1 | |
| Blacksmith | 1 | |
| Workshop | 3 | |
| Castle | 1 | |
| Town Hall | 1 | |
61 total
» build order
01:40 Keep
01:45 Altar of Kings
02:01 Farm
02:03 Farm
02:07 Scout Tower
02:18 Lumber Mill
03:13 Arcane Tower
03:19 Scout Tower
03:24 Scout Tower
03:27 Scout Tower
03:32 Scout Tower
03:36 Scout Tower
03:40 Scout Tower
03:43 Scout Tower
03:48 Guard Tower
03:52 Guard Tower
04:00 Guard Tower
04:21 Guard Tower
04:21 Guard Tower
04:22 Guard Tower
04:22 Guard Tower
04:23 Guard Tower
04:42 Guard Tower
04:42 Guard Tower
05:30 Arcane Vault
06:30 Blacksmith
07:07 Farm
07:35 Farm
07:37 Farm
07:38 Farm
07:40 Farm
07:43 Workshop
09:21 Castle
09:33 Town Hall
09:37 Scout Tower
09:38 Scout Tower
09:40 Scout Tower
09:54 Workshop
10:13 Workshop
10:15 Guard Tower
10:16 Guard Tower
10:38 Lumber Mill
12:34 Scout Tower
12:36 Scout Tower
12:38 Scout Tower
12:41 Scout Tower
12:44 Scout Tower
12:47 Scout Tower
13:04 Guard Tower
13:06 Guard Tower
13:18 Guard Tower
13:20 Guard Tower
13:21 Guard Tower
15:22 Farm
16:55 Farm
» items
| Potion of Healing | 2 | |
| Potion of Mana | 1 | |
| Scroll of Protection | 1 | |
| Staff of Teleportation | 1 | |
| Potion of Lesser Invulnerability | 1 | |
| Boots of Speed | 1 | |
7 total
team 2 (loser)
PotheadsSuckDik (
yellow | 84 APM | 3936 actions | 46:39)
8 Shadow Hunter
3 Serpent Ward
2 Healing Wave
1 Big Bad Voodoo
2 Hex
1 Crypt Lord
1 Spiked Carapace
» actions
| Assign group hotkey | 33 | |
| Basic commands | 230 | |
| Build / train | 96 | |
| Enter build submenu | 32 | |
| Enter hero's abilities submenu | 9 | |
| Give item / drop item | 14 | |
| Right click | 1686 | |
| Select / deselect | 487 | |
| Select group hotkey | 1098 | |
| Use ability | 251 | |
3936 total
» units
| Peon | 19 | |
| Grunt | 2 | |
| Troll Headhunter/Berserker | 8 | |
| Demolisher | 7 | |
| Shaman | 4 | |
| Troll Witch Doctor | 6 | |
| Goblin Shredder | 1 | |
| Goblin Zeppelin | 4 | |
| Crypt Fiend | 2 | |
53 total
» upgrades
| Ranged Weapons | 1 | |
| Shaman Training | 2 | |
| Witch Doctor Training | 2 | |
| Burning Oil | 1 | |
6 total
» buildings
| Altar of Storms | 1 | |
| Orc Burrow | 11 | |
| War Mill | 1 | |
| Barracks | 2 | |
| Voodoo Lounge | 1 | |
| Stronghold | 1 | |
| Great Hall | 6 | |
| Fortress | 1 | |
| Spirit Lodge | 2 | |
| Watch Tower | 7 | |
33 total
» build order
00:17 Altar of Storms
00:21 Orc Burrow
01:29 War Mill
01:41 Orc Burrow
01:58 Barracks
02:34 Barracks
02:38 Orc Burrow
03:34 Voodoo Lounge
04:47 Stronghold
05:45 Great Hall
07:18 Fortress
07:21 Spirit Lodge
08:39 Spirit Lodge
13:54 Orc Burrow
13:54 Orc Burrow
13:57 Watch Tower
13:58 Watch Tower
13:58 Watch Tower
14:34 Orc Burrow
15:03 Great Hall
16:51 Great Hall
24:55 Great Hall
30:09 Great Hall
30:10 Watch Tower
30:10 Watch Tower
31:05 Orc Burrow
31:16 Watch Tower
31:17 Watch Tower
35:22 Great Hall
35:49 Orc Burrow
35:50 Orc Burrow
38:20 Orc Burrow
38:22 Orc Burrow
» items
| Boots of Speed | 1 | |
| Lesser Clarity Potion | 6 | |
| Healing Salve | 4 | |
| Potion of Invisibility | 6 | |
| Staff of Teleportation | 1 | |
| Potion of Lesser Invulnerability | 2 | |
| Dust of Appearance | 1 | |
| Scroll of Town Portal | 4 | |
25 total

»
danktrix95 (
pink | 40 APM | 1492 actions | 37:09)
4 Crypt Lord
2 Impale
2 Spiked Carapace
» actions
| Assign group hotkey | 30 | |
| Basic commands | 141 | |
| Build / train | 64 | |
| ESC pressed | 8 | |
| Enter build submenu | 31 | |
| Enter hero's abilities submenu | 5 | |
| Right click | 491 | |
| Select / deselect | 314 | |
| Select group hotkey | 362 | |
| Use ability | 46 | |
1492 total
» units
| Acolyte | 14 | |
| Ghoul | 4 | |
| Crypt Fiend | 11 | |
| Frost Wyrm | 8 | |
37 total
» upgrades
| Creature Attack | 2 | |
| Creature Carapace | 2 | |
| Web | 1 | |
| Burrow | 1 | |
| Freezing Breath | 1 | |
7 total
» buildings
| Altar of Darkness | 1 | |
| Ziggurat | 14 | |
| Crypt | 2 | |
| Graveyard | 1 | |
| Nerubian Tower | 1 | |
| Spirit Tower | 9 | |
| Halls of the Dead | 1 | |
| Slaughterhouse | 2 | |
| Tomb of Relics | 1 | |
| Black Citadel | 1 | |
| Sacrificial Pit | 1 | |
| Boneyard | 3 | |
37 total
» build order
00:13 Altar of Darkness
00:15 Ziggurat
00:45 Crypt
01:19 Graveyard
01:28 Nerubian Tower
01:51 Ziggurat
01:59 Ziggurat
02:37 Crypt
03:55 Spirit Tower
04:34 Halls of the Dead
07:18 Slaughterhouse
07:22 Slaughterhouse
07:25 Tomb of Relics
07:28 Ziggurat
07:29 Ziggurat
07:32 Ziggurat
07:34 Ziggurat
07:39 Ziggurat
09:40 Spirit Tower
10:02 Spirit Tower
11:06 Spirit Tower
11:25 Spirit Tower
12:02 Spirit Tower
12:06 Spirit Tower
12:38 Black Citadel
13:54 Sacrificial Pit
15:47 Boneyard
15:50 Boneyard
15:53 Boneyard
18:35 Ziggurat
18:37 Ziggurat
22:35 Spirit Tower
22:38 Ziggurat
27:02 Spirit Tower
31:54 Ziggurat
31:55 Ziggurat
31:57 Ziggurat
eddie_titan (
green | 48 APM | 2874 actions | 59:42)
9 Death Knight
3 Death Coil
3 Unholy Aura
1 Animate Dead
2 Death Pact
» actions
| Assign group hotkey | 43 | |
| Basic commands | 70 | |
| Build / train | 93 | |
| Enter build submenu | 47 | |
| Enter hero's abilities submenu | 9 | |
| Give item / drop item | 5 | |
| Remove unit from queue | 3 | |
| Right click | 902 | |
| Select / deselect | 599 | |
| Select group hotkey | 894 | |
| Use ability | 207 | |
2874 total
» units
| Acolyte | 13 | |
| Ghoul | 9 | |
| Goblin Shredder | 1 | |
| Gargoyle | 11 | |
| Goblin Zeppelin | 6 | |
| Blue Dragon | 4 | |
| Goblin Sapper | 6 | |
50 total
» upgrades
| Creature Attack | 3 | |
| Creature Carapace | 3 | |
| Disease Cloud | 1 | |
| Destroyer Form | 1 | |
| Exhume Corpses | 1 | |
| Unholy Strength | 3 | |
| Unholy Armor | 3 | |
| Stone Form | 1 | |
16 total
» buildings
| Crypt | 3 | |
| Ziggurat | 42 | |
| Altar of Darkness | 2 | |
| Nerubian Tower | 1 | |
| Halls of the Dead | 1 | |
| Necropolis | 6 | |
| Tomb of Relics | 1 | |
| Graveyard | 2 | |
| Black Citadel | 0 | |
| Spirit Tower | 8 | |
| Slaughterhouse | 2 | |
68 total
» build order
00:08 Crypt
00:10 Ziggurat
00:40 Altar of Darkness
00:44 Altar of Darkness
01:14 Ziggurat
01:30 Nerubian Tower
02:33 Halls of the Dead
03:23 Ziggurat
04:40 Necropolis
04:49 Tomb of Relics
05:47 Graveyard
06:18 Black Citadel
06:24 Crypt
06:28 Ziggurat
06:56 Crypt
07:00 Ziggurat
07:01 Ziggurat
08:11 Spirit Tower
08:21 Graveyard
10:15 Necropolis
10:53 Black Citadel
12:19 Ziggurat
12:19 Ziggurat
12:19 Ziggurat
12:20 Ziggurat
12:24 Ziggurat
12:24 Ziggurat
12:24 Ziggurat
12:25 Ziggurat
12:25 Ziggurat
12:25 Ziggurat
12:26 Ziggurat
13:42 Spirit Tower
13:44 Ziggurat
13:44 Ziggurat
13:44 Ziggurat
14:44 Spirit Tower
16:06 Spirit Tower
16:08 Spirit Tower
16:11 Ziggurat
16:12 Ziggurat
16:12 Ziggurat
16:13 Ziggurat
16:14 Ziggurat
16:16 Ziggurat
16:17 Ziggurat
16:18 Ziggurat
16:20 Ziggurat
17:14 Slaughterhouse
17:15 Slaughterhouse
17:18 Ziggurat
17:18 Ziggurat
17:19 Ziggurat
17:19 Ziggurat
17:19 Ziggurat
17:22 Ziggurat
17:24 Ziggurat
17:28 Ziggurat
17:29 Ziggurat
18:19 Spirit Tower
18:25 Ziggurat
18:26 Ziggurat
18:26 Ziggurat
18:42 Spirit Tower
23:10 Spirit Tower
28:17 Necropolis
38:08 Necropolis
40:25 Necropolis
45:37 Necropolis
» items
| Scroll of Town Portal | 2 | |
| Orb of Corruption | 1 | |
| Potion of Mana | 1 | |
4 total
homelessbob (
blue | 69 APM | 4100 actions | 59:42)
5 Crypt Lord
3 Carrion Beetles
2 Impale
5 Death Knight
3 Death Coil
2 Unholy Aura
5 Lich
2 Frost Nova
3 Frost Armor
» actions
| Assign group hotkey | 263 | |
| Basic commands | 167 | |
| Build / train | 197 | |
| ESC pressed | 13 | |
| Enter build submenu | 22 | |
| Enter hero's abilities submenu | 15 | |
| Remove unit from queue | 4 | |
| Right click | 1696 | |
| Select / deselect | 621 | |
| Select group hotkey | 995 | |
| Use ability | 107 | |
4100 total
» units
| Acolyte | 15 | |
| Ghoul | 11 | |
| Crypt Fiend | 33 | |
| Necromancer | 26 | |
| Frost Wyrm | 3 | |
88 total
» upgrades
| Creature Attack | 3 | |
| Web | 1 | |
| Creature Carapace | 3 | |
| Skeletal Longevity | 1 | |
| Ghoul Frenzy | 1 | |
| Skeletal Mastery | 1 | |
| Necromancer Training | 2 | |
| Unholy Strength | 4 | |
| Unholy Armor | 3 | |
| Freezing Breath | 1 | |
20 total
» buildings
| Crypt | 1 | |
| Ziggurat | 10 | |
| Altar of Darkness | 1 | |
| Nerubian Tower | 7 | |
| Graveyard | 1 | |
| Halls of the Dead | 4 | |
| Spirit Tower | 13 | |
| Tomb of Relics | 3 | |
| Black Citadel | 4 | |
| Sacrificial Pit | 1 | |
| Temple of the Damned | 1 | |
| Boneyard | 1 | |
47 total
» build order
00:10 Crypt
00:12 Ziggurat
00:35 Altar of Darkness
01:04 Nerubian Tower
01:05 Nerubian Tower
01:05 Nerubian Tower
01:16 Ziggurat
03:00 Graveyard
03:06 Ziggurat
04:33 Nerubian Tower
05:20 Ziggurat
05:57 Ziggurat
05:59 Ziggurat
06:11 Nerubian Tower
06:12 Nerubian Tower
06:29 Halls of the Dead
07:11 Halls of the Dead
07:11 Halls of the Dead
07:13 Spirit Tower
07:14 Spirit Tower
07:18 Ziggurat
07:37 Tomb of Relics
07:41 Ziggurat
08:15 Tomb of Relics
08:38 Spirit Tower
08:43 Spirit Tower
08:50 Spirit Tower
09:06 Ziggurat
09:32 Black Citadel
09:32 Black Citadel
09:32 Black Citadel
09:33 Black Citadel
10:16 Spirit Tower
10:16 Spirit Tower
10:16 Spirit Tower
10:17 Spirit Tower
10:43 Sacrificial Pit
10:50 Tomb of Relics
11:25 Temple of the Damned
16:52 Boneyard
16:55 Ziggurat
17:52 Spirit Tower
17:52 Spirit Tower
» items
Chat log
(00:10 / All) CHRONIICtOKE: Clan toke!
(00:13 / All) CHRONIICtOKE: vote hilary
(00:17 / All) CHRONIICtOKE: golden state warriors!!
(01:00 / Allies) WorstAllyEver: teal what hero
(01:07 / Allies) CaptainAmerica5: hmm
(01:08 / Allies) CaptainAmerica5: warden
(01:15 / Allies) WorstAllyEver: ok
(01:22 / All) eddie_titan: can i get a o hell yeah
(01:37 / Allies) matterickson: the wosrt ally ever is scouting
(01:49 / All) eddie_titan: warfraft on a friday night
(01:52 / All) CHRONIICtOKE: HELL YEAH
(01:54 / All) eddie_titan: beena wile
(01:55 / All) CHRONIICtOKE: VOTE HILARY CLINTON THE GOAT
(02:24 / All) CHRONIICtOKE: ken the pervert bone for vice president
(02:27 / All) PotheadsSuckDik: orange why did you requeue after losing so bad a few mins ago
(02:38 / All) WorstAllyEver: lol 2 of our teammates left
(02:40 / All) CHRONIICtOKE: damn shots fired
(02:42 / All) eddie_titan: who me
(02:44 / All) PotheadsSuckDik: yeah thats an advantage
(02:45 / All) eddie_titan: o im green
(02:46 / All) WorstAllyEver: keep talking shit winning a 2v4
(02:47 / All) PotheadsSuckDik: 2 people controlling 2
(02:53 / All) CHRONIICtOKE: was it in my game
(02:54 / All) PotheadsSuckDik: its an advantage not disadvantage lol
(02:55 / All) CHRONIICtOKE: where i had morts
(02:56 / All) CHRONIICtOKE: and we had
(02:56 / All) WorstAllyEver: ya my partner sucked
(02:58 / All) CHRONIICtOKE: chims
(02:59 / All) CHRONIICtOKE: ?
(03:07 / All) CHRONIICtOKE: we had morts chims
(03:10 / All) CHRONIICtOKE: and tinker?
(06:40 / Allies) CHRONIICtOKE: gold plz
(06:48 / Allies) CHRONIICtOKE: thx
(10:18 / Allies) CHRONIICtOKE: wood plz
(10:26 / Allies) CHRONIICtOKE: wood
(12:30 / Allies) CHRONIICtOKE: lets hit
(13:29 / Allies) CaptainAmerica5: dust
(14:05 / Allies) matterickson: burrow
(14:18 / Allies) CHRONIICtOKE: teal
(14:19 / Allies) CHRONIICtOKE: use archers
(14:24 / Allies) CaptainAmerica5: wat
(14:39 / Allies) matterickson: get ready
(14:49 / Allies) WorstAllyEver: wtf
(14:59 / Allies) WorstAllyEver: i didnt send those there
(15:10 / Allies) CHRONIICtOKE: gold
(15:11 / Allies) CHRONIICtOKE: need gold
(15:12 / Allies) CHRONIICtOKE: for morts
(15:13 / Allies) WorstAllyEver: un fucking believable
(15:14 / Allies) CaptainAmerica5: voce e stupido?
(15:17 / Allies) CHRONIICtOKE: dw we good
(15:19 / Allies) CHRONIICtOKE: i got morts
(15:27 / Allies) CaptainAmerica5: idiotas americanos jaja
(15:36 / Allies) CHRONIICtOKE: ur speaking
(15:37 / Allies) CHRONIICtOKE: spanish
(15:39 / Allies) CHRONIICtOKE: yet ur name is captain america
(15:58 / Allies) CHRONIICtOKE: leave
(16:29 / Allies) CHRONIICtOKE: gj were towered up lmao
(16:31 / Allies) CHRONIICtOKE: go hit orange quick
(16:44 / Allies) CHRONIICtOKE: more gold if possible
(17:00 / Allies) CHRONIICtOKE: dont
(17:00 / Allies) CHRONIICtOKE: tp
(17:01 / Allies) CHRONIICtOKE: no
(17:02 / Allies) CHRONIICtOKE: no
(17:04 / Allies) CaptainAmerica5: SOCORRO
(17:05 / Allies) CaptainAmerica5: tp
(17:06 / Allies) CaptainAmerica5: tp
(17:06 / Allies) CaptainAmerica5: tp
(17:08 / Allies) CHRONIICtOKE: no
(17:13 / Allies) CaptainAmerica5: por favor me ajude
(17:13 / Allies) CaptainAmerica5: tp
(17:17 / Allies) CHRONIICtOKE: no
(17:18 / Allies) CHRONIICtOKE: man
(17:19 / Allies) CHRONIICtOKE: yeah
(17:21 / Allies) CHRONIICtOKE: ur main base
(17:23 / Allies) CaptainAmerica5: noob purp
(17:32 / Allies) WorstAllyEver: tp?
(17:35 / Allies) CHRONIICtOKE: yes
(17:36 / Allies) CaptainAmerica5: HELP
(17:36 / Allies) CHRONIICtOKE: tppp
(17:37 / Allies) CHRONIICtOKE: tppp
(17:38 / Allies) CHRONIICtOKE: tpppp
(17:54 / All) CHRONIICtOKE: REKT
(17:54 / All) CHRONIICtOKE: REKT
(18:02 / All) CaptainAmerica5: jaja
(18:16 / All) WorstAllyEver: lol yellow sucks
(18:23 / All) CHRONIICtOKE: Lmao
(18:48 / All) CaptainAmerica5: voce chupa
(19:00 / Allies) CaptainAmerica5: nao pode jogar o jogo jaja
(19:21 / All) WorstAllyEver: yellow uninstall plz
(19:36 / Allies) CHRONIICtOKE: leave it
(19:40 / Allies) WorstAllyEver: where to
(19:53 / Allies) CaptainAmerica5: hit top u went hit bot 2 much
(19:53 / Allies) CHRONIICtOKE: wait for htis noob
(20:18 / Allies) CHRONIICtOKE: main
(20:19 / Allies) CHRONIICtOKE: main
(20:43 / All) PotheadsSuckDik: this is insane, I give like 10 min warning, I have sentry everywhere
(20:46 / All) PotheadsSuckDik: My team sits in their bases
(20:48 / All) PotheadsSuckDik: and doesnt come lol
(20:50 / All) WorstAllyEver: lmfao u suck
(21:39 / Allies) CHRONIICtOKE: knai
(21:40 / Allies) CHRONIICtOKE: lolll
(21:42 / Allies) CHRONIICtOKE: idiot noob
(21:44 / Allies) CHRONIICtOKE: with his shitty
(21:45 / Allies) CHRONIICtOKE: archers
(21:46 / Allies) CaptainAmerica5: wat
(21:50 / All) CHRONIICtOKE: GG teal was garbage
(21:53 / All) CaptainAmerica5: LOL
(21:55 / All) PotheadsSuckDik: I suck yet youre leaving?? LOLLL
(22:00 / All) WorstAllyEver: u do suck
(22:03 / All) WorstAllyEver: teal is tking dumbass
(22:05 / All) CaptainAmerica5: JAJAJA
(26:13 / All) CaptainAmerica5: jaja
(26:34 / All) CaptainAmerica5: JAJAJA
(26:38 / All) CaptainAmerica5: AMERICANOS NOOBS!
(26:40 / All) danktrix95: spic
(26:45 / All) CaptainAmerica5: jajajajajaj
(41:32 / All) CaptainAmerica5: todos voces perdem
(41:34 / All) CaptainAmerica5: out
(41:35 / All) CaptainAmerica5: gg
(45:07 / All) CaptainAmerica5: raped lol
(46:01 / All) CaptainAmerica5: RAPED
(46:09 / All) CaptainAmerica5: LMAO
(46:11 / All) CaptainAmerica5: JAJAJAJajajaja
(46:16 / All) PotheadsSuckDik: think this is greens first win, he wants 10 level 10 dragons
(46:21 / All) CaptainAmerica5: EU FODO VOCE
(46:23 / All) CaptainAmerica5: EU FODO VOCE
(46:32 / All) CaptainAmerica5: CHUPE MEU PAU LOL
(46:36 / All) PotheadsSuckDik: oh and he backstabbed, but he wants this game to be 5 hrs so good luc ck
(46:38 / All) eddie_titan: yellow is new? why he doesnt tp?
(46:39 / All) CaptainAmerica5: me chupe
(46:58 / All) CaptainAmerica5: yellow me chupe
(47:08 / All) CaptainAmerica5: eu fodo com sua mae
(55:26 / All) eddie_titan: SEND ME OVER SOME PIZZA PLEASE
(55:43 / All) CaptainAmerica5: this was pro, +31 level 10 warden
(55:51 / All) eddie_titan: WINK WINK NUDGE NUDGE
(55:53 / All) CaptainAmerica5: and we played with jake with him never realising it was us
(55:54 / All) eddie_titan: pizza plz!
(56:03 / All) CaptainAmerica5: when just the game before he said he's played thousands of games with us and recognises us easy LOL
(56:11 / All) eddie_titan: lawl
(56:15 / All) eddie_titan: easy to fool him
(58:36 / All) eddie_titan: blue not talk
(58:46 / All) CaptainAmerica5: nice thing tking as undead is it's easy unsummon
(58:52 / All) eddie_titan: yesh
(59:02 / All) eddie_titan: I think I'll go ahead and end it
(59:05 / All) eddie_titan: he afk I guess
(59:08 / All) eddie_titan: or pretending to be